Match 43011379
Unlisted

Match 43011379
End
Kradschützen Motorcycle Team
Selects Italian Infantry
Panzergrenadier Squad
250 Light Carrier
Construct Light Support Kompanie
Assault Grenadier Squad
Combat Half-tracks
Fire Support Elements
Selects Guastatori Squad
Guastatori Squad
Panzerjäger Mechanized Group
Flakvierling Half-track
Selects Sound the Alarm
Vehicle Survival Package
Selects Prepared Positions
Grongolock
Ludwigz
0
0

Comments sign in to comment!

No comments posted yet!